SA
LOUISIANA DRAGOONS @ GRIM REAPERS
07/29/2026
 
TOP OF THE 1ST
Louisiana Dragoons batting - Pitching for Grim Reapers : RHP Edward Scarborough
Pitching: RHP Edward Scarborough
Batting: RHB Giuseppe Provolone 0-0: Called Strike
0-1: Ground out 6-3 (Groundball, 6)
Batting: RHB Felipe Palazzola 0-0: Foul Ball, location: 2F
0-1: Foul Ball, location: 2F
0-2: Ball
1-2: Ball
2-2: Ball
3-2: Strikes out swinging
Batting: RHB Armond Merlin 0-0: Fly out, F6 (Line Drive, 6D)
Top of the 1st over - 0 run(s), 0 hit(s), 0 error(s), 0 left on base; Louisiana 0 - Grim 0
BOTTOM OF THE 1ST
Grim Reapers batting - Pitching for Louisiana Dragoons : RHP Paul Addison
Pitching: RHP Paul Addison
Batting: RHB Dave Sienna 0-0: Foul Ball, location: 2F
0-1: Ground out 6-3 (Groundball, 6)
Batting: RHB Tomás Costello 0-0: Ball
1-0: Ball
2-0: Swinging Strike
2-1: Foul Ball, location: 2F
2-2: Ball
3-2: Strikes out swinging
Batting: SHB Marcos Roa 0-0: Fly out, F4 (Popup, 4D)
Bottom of the 1st over - 0 run(s), 0 hit(s), 0 error(s), 0 left on base; Louisiana 0 - Grim 0
TOP OF THE 2ND
Louisiana Dragoons batting - Pitching for Grim Reapers : RHP Edward Scarborough
Batting: LHB Guillermo Arellano 0-0: Ball
1-0: Foul Ball, location: 2F
1-1: Swinging Strike
1-2: Foul Ball, location: 2F
1-2: Foul Ball, location: 2F
1-2: Strikes out swinging
Batting: RHB Scott Robertson 0-0: Ball
1-0: Called Strike
1-1: Reached on error, E5 (Groundball, 56)
Batting: RHB Domingo Colón 0-0: Ball
1-0: Ball
2-0: Ball
3-0: Called Strike
3-1: Base on Balls
Scott Robertson to second
Batting: RHB Jody Bennett 0-0: Ball
1-0: Ball
2-0: Foul Ball, location: 2F
2-1: Foul Ball, location: 2F
2-2: Foul Ball, location: 2F
2-2: SINGLE (Line Drive, 6D)
Scott Robertson to third
Domingo Colón to second
Batting: RHB Harry Gibson 0-0: SINGLE (Groundball, 6MD)
Scott Robertson scores
Domingo Colón to third
Jody Bennett to second
Batting: RHB Armando Carmona 0-0: SINGLE (Groundball, 56D)
Domingo Colón scores
Jody Bennett to third
Harry Gibson to second
Runner from 3rd tries for Home, SAFE, no throw
Batting: RHB Giuseppe Provolone 0-0: Ball
1-0: Fly out, F5 (Popup, 5L)
Batting: RHB Felipe Palazzola 0-0: Foul Ball, location: 2F
0-1: DOUBLE (Groundball, 5L)
Harry Gibson scores
Armando Carmona to third
Batting: RHB Armond Merlin 0-0: Ball
1-0: Called Strike
1-1: SINGLE (Line Drive, 89S)
Armando Carmona scores
Felipe Palazzola to third
Runner from 3rd tries for Home, SAFE, no throw
Batting: LHB Guillermo Arellano 0-0: Ball
1-0: Ball
2-0: Called Strike
2-1: Ball
3-1: Base on Balls
Armond Merlin to second
Batting: RHB Scott Robertson 0-0: Foul Ball, location: 2F
0-1: Foul Ball, location: 2F
0-2: Ball
1-2: Strikes out looking
Top of the 2nd over - 6 run(s), 5 hit(s), 1 error(s), 2 left on base; Louisiana 6 - Grim 0
BOTTOM OF THE 2ND
Grim Reapers batting - Pitching for Louisiana Dragoons : RHP Paul Addison
Batting: SHB Anthony Hopkins 0-0: Ball
1-0: Ball
2-0: Ball
3-0: Called Strike
3-1: Base on Balls
Batting: LHB Steve Costillo 0-0: Foul Ball, location: 2F
0-1: Fly out, F7 (Flyball, 7LS)
Batting: RHB Guillermo Mata 0-0: Foul Ball, location: 2F
0-1: Swinging Strike
0-2: Foul Ball, location: 2F
0-2: Strikes out swinging
Batting: RHB Marcos Martínez 0-0: Called Strike
Anthony Hopkins steals 2nd base
0-1: Ball
1-1: Foul Ball, location: 2F
1-2: Ball
2-2: Ball
3-2: Foul Ball, location: 2F
3-2: Fly out, F8 (Flyball, 8RM)
Bottom of the 2nd over - 0 run(s), 0 hit(s), 0 error(s), 1 left on base; Louisiana 6 - Grim 0
TOP OF THE 3RD
Louisiana Dragoons batting - Pitching for Grim Reapers : RHP Edward Scarborough
Batting: RHB Domingo Colón 0-0: Ball
1-0: Ball
2-0: Ball
3-0: Called Strike
3-1: Ground out 6-3 (Groundball, 6)
Batting: RHB Jody Bennett 0-0: Called Strike
0-1: Foul Ball, location: 2F
0-2: Foul Ball, location: 2F
0-2: Ball
1-2: Ball
2-2: SINGLE (Line Drive, 89M)
Batting: RHB Harry Gibson 0-0: Called Strike
0-1: Ball
1-1: Fielders Choice at 2nd, 4-6 (Groundball, 34)
Batting: RHB Armando Carmona 0-0: Ball
1-0: Called Strike
1-1: Foul Ball, location: 2F
1-2: Strikes out swinging
Top of the 3rd over - 0 run(s), 1 hit(s), 0 error(s), 1 left on base; Louisiana 6 - Grim 0
BOTTOM OF THE 3RD
Grim Reapers batting - Pitching for Louisiana Dragoons : RHP Paul Addison
Batting: LHB Dante Aristizabal 0-0: Foul Ball, location: 2F
0-1: Ball
1-1: Called Strike
1-2: Strikes out swinging
Batting: RHB Júlio Gonzáles 0-0: Called Strike
0-1: Ball
1-1: Foul Ball, location: 2F
1-2: Ball
2-2: Ball
3-2: Fly out, F8 (Flyball, 8LD)
Batting: RHB Dave Sienna 0-0: Swinging Strike
0-1: Foul Ball, location: 2F
0-2: Strikes out looking
Bottom of the 3rd over - 0 run(s), 0 hit(s), 0 error(s), 0 left on base; Louisiana 6 - Grim 0
TOP OF THE 4TH
Louisiana Dragoons batting - Pitching for Grim Reapers : RHP Edward Scarborough
Batting: RHB Giuseppe Provolone 0-0: Ball
1-0: Ball
2-0: Fly out, F7 (Line Drive, 7)
Batting: RHB Felipe Palazzola 0-0: Ball
1-0: Called Strike
1-1: Called Strike
1-2: Strikes out looking
Batting: RHB Armond Merlin 0-0: Called Strike
0-1: Ball
1-1: Called Strike
1-2: Foul Ball, location: 2F
1-2: Ball
2-2: SINGLE (Line Drive, 8LS)
Batting: LHB Guillermo Arellano 0-0: Fly out, F7 (Flyball, 78M)
Top of the 4th over - 0 run(s), 1 hit(s), 0 error(s), 1 left on base; Louisiana 6 - Grim 0
BOTTOM OF THE 4TH
Grim Reapers batting - Pitching for Louisiana Dragoons : RHP Paul Addison
Batting: RHB Tomás Costello 0-0: Fly out, F7 (Line Drive, 7S)
Batting: SHB Marcos Roa 0-0: Called Strike
0-1: Ground out 4-3 (Groundball, 4M)
Batting: SHB Anthony Hopkins 0-0: Called Strike
0-1: Fly out, F6 (Popup, 6)
Bottom of the 4th over - 0 run(s), 0 hit(s), 0 error(s), 0 left on base; Louisiana 6 - Grim 0
TOP OF THE 5TH
Louisiana Dragoons batting - Pitching for Grim Reapers : RHP Edward Scarborough
Batting: RHB Scott Robertson 0-0: Called Strike
0-1: Swinging Strike
0-2: Fly out, F8 (Flyball, 8LD)
Batting: RHB Domingo Colón 0-0: Swinging Strike
0-1: Reached on error, E5 (Groundball, 5L)
Batting: RHB Jody Bennett 0-0: Ball
1-0: Fly out, F2 (Popup, 13S)
Batting: RHB Harry Gibson 0-0: Called Strike
0-1: Ball
1-1: Called Strike
1-2: Foul Ball, location: 2F
1-2: Strikes out looking
Top of the 5th over - 0 run(s), 0 hit(s), 1 error(s), 1 left on base; Louisiana 6 - Grim 0
BOTTOM OF THE 5TH
Grim Reapers batting - Pitching for Louisiana Dragoons : RHP Paul Addison
Batting: LHB Steve Costillo 0-0: Ball
1-0: Ball
2-0: Ball
3-0: Called Strike
3-1: Foul Ball, location: 2F
3-2: SINGLE (Flyball, 6MD)
Batting: RHB Guillermo Mata 0-0: Foul Ball, location: 2F
0-1: Fly out, F5 (Popup, 56)
Batting: RHB Marcos Martínez 0-0: Ball
1-0: Ball
2-0: Foul Ball, location: 2F
2-1: Fly out, F7 (Flyball, 78M)
Batting: LHB Dante Aristizabal 0-0: Ball
Steve Costillo steals 2nd base
1-0: Ball
2-0: Called Strike
2-1: Called Strike
2-2: Strikes out swinging
Bottom of the 5th over - 0 run(s), 1 hit(s), 0 error(s), 1 left on base; Louisiana 6 - Grim 0
TOP OF THE 6TH
Louisiana Dragoons batting - Pitching for Grim Reapers : RHP Edward Scarborough
Pitching: LHP Ralph Henderson
Batting: RHB Armando Carmona 0-0: Called Strike
0-1: Ball
1-1: Ball
2-1: Foul Ball, location: 2F
2-2: Ball
3-2: Base on Balls
Batting: RHB Giuseppe Provolone 0-0: Called Strike
0-1: Foul Ball, location: 2F
0-2: Strikes out looking
Batting: RHB Felipe Palazzola 0-0: Called Strike
0-1: Ball
1-1: Ball
2-1: Grounds into double play, 4-6-3 (Groundball, 4)
Top of the 6th over - 0 run(s), 0 hit(s), 0 error(s), 0 left on base; Louisiana 6 - Grim 0
BOTTOM OF THE 6TH
Grim Reapers batting - Pitching for Louisiana Dragoons : RHP Paul Addison
Batting: RHB Júlio Gonzáles 0-0: Ball
1-0: Called Strike
1-1: Foul Ball, location: 2F
1-2: SINGLE (Groundball, 34D)
Batting: RHB Dave Sienna 0-0: Called Strike
0-1: Ball
1-1: Foul Ball, location: 2F
1-2: Foul Ball, location: 2F
1-2: Reached on error, E6 (Groundball, 56)
Júlio Gonzáles to second
Batting: RHB Tomás Costello 0-0: Called Strike
0-1: Ball
1-1: Foul Ball, location: 2F
1-2: Foul Ball, location: 2F
1-2: Ball
2-2: Strikes out looking
Batting: SHB Marcos Roa 0-0: Ball
Júlio Gonzáles steals 3rd base
Dave Sienna to second
1-0: Fly out, F9 (Flyball, 9LM)
Runner from 3rd tags up, SCORES, no throw
Batting: SHB Anthony Hopkins 0-0: Swinging Strike
0-1: Swinging Strike
0-2: Ball
1-2: Strikes out looking
Bottom of the 6th over - 1 run(s), 1 hit(s), 1 error(s), 1 left on base; Louisiana 6 - Grim 1
TOP OF THE 7TH
Louisiana Dragoons batting - Pitching for Grim Reapers : LHP Ralph Henderson
Batting: RHB Armond Merlin 0-0: Ball
1-0: Foul Ball, location: 2F
1-1: Foul Ball, location: 2F
1-2: Strikes out swinging
Batting: LHB Guillermo Arellano 0-0: Ball
1-0: Ball
2-0: Called Strike
2-1: Foul Ball, location: 2F
2-2: Foul Ball, location: 2F
2-2: Strikes out swinging
Batting: RHB Scott Robertson 0-0: Called Strike
0-1: Swinging Strike
0-2: Ball
1-2: Strikes out swinging
Top of the 7th over - 0 run(s), 0 hit(s), 0 error(s), 0 left on base; Louisiana 6 - Grim 1
BOTTOM OF THE 7TH
Grim Reapers batting - Pitching for Louisiana Dragoons : RHP Paul Addison
Batting: LHB Steve Costillo 0-0: Swinging Strike
0-1: Called Strike
0-2: Foul Ball, location: 2F
0-2: Fly out, F7 (Flyball, 7)
Batting: RHB Guillermo Mata 0-0: Called Strike
0-1: Ball
1-1: Ball
2-1: Ball
3-1: Base on Balls
Pitching: RHP Ángel Gómez
Batting: RHB Marcos Martínez 0-0: Foul Ball, location: 2F
0-1: Swinging Strike
Guillermo Mata is caught stealing 2nd base
0-2: Ball
1-2: Foul Ball, location: 2F
1-2: Ball
2-2: Foul Ball, location: 2F
2-2: Ball
3-2: Ground out 4-3 (Groundball, 4)
Bottom of the 7th over - 0 run(s), 0 hit(s), 0 error(s), 0 left on base; Louisiana 6 - Grim 1
TOP OF THE 8TH
Louisiana Dragoons batting - Pitching for Grim Reapers : LHP Ralph Henderson
Batting: RHB Domingo Colón 0-0: Swinging Strike
0-1: Called Strike
0-2: DOUBLE (Line Drive, 8RD)
Batting: RHB Jody Bennett 0-0: Ball
1-0: Ball
2-0: Ball
3-0: Base on Balls
Batting: RHB Harry Gibson 0-0: Bunt - Flyout! F2
Batting: RHB Armando Carmona 0-0: DOUBLE (Line Drive, 89M)
Domingo Colón scores
Jody Bennett to third
Runner from 3rd tries for Home, SAFE, no throw
Batting: RHB Giuseppe Provolone 0-0: Foul Ball, location: 2F
0-1: Foul Ball, location: 2F
0-2: Ball
1-2: Ball
2-2: Foul Ball, location: 2F
2-2: Ground out 6-3 (Groundball, 6)
Batting: RHB Felipe Palazzola 0-0: Called Strike
0-1: Ball
1-1: Foul Ball, location: 2F
1-2: Foul Ball, location: 2F
1-2: Strikes out swinging
Top of the 8th over - 2 run(s), 2 hit(s), 0 error(s), 1 left on base; Louisiana 8 - Grim 1
BOTTOM OF THE 8TH
Grim Reapers batting - Pitching for Louisiana Dragoons : RHP Ángel Gómez
Now in RF: Ken Burton
Batting: LHB Dante Aristizabal 0-0: Ball
1-0: Called Strike
1-1: Swinging Strike
1-2: Strikes out swinging
Batting: RHB Júlio Gonzáles 0-0: Foul Ball, location: 2F
0-1: Called Strike
0-2: Fly out, F8 (Line Drive, 8RS)
Pinch Hitting: SHB Carlos Chávez 0-0: Foul Ball, location: 2F
0-1: Ball
1-1: Swinging Strike
1-2: Ball
2-2: Strikes out swinging
Bottom of the 8th over - 0 run(s), 0 hit(s), 0 error(s), 0 left on base; Louisiana 8 - Grim 1
TOP OF THE 9TH
Louisiana Dragoons batting - Pitching for Grim Reapers : LHP Ralph Henderson
Now in CF: Earnest Vater
Batting: RHB Armond Merlin 0-0: Ground out 6-3 (Groundball, 6)
Batting: LHB Guillermo Arellano 0-0: Swinging Strike
0-1: Swinging Strike
0-2: Ball
1-2: Fly out, F8 (Flyball, 8LM)
Batting: RHB Scott Robertson 0-0: Foul Ball, location: 2F
0-1: Ball
1-1: Swinging Strike
1-2: Ball
2-2: Foul Ball, location: 2F
2-2: Ball
3-2: Strikes out swinging
Top of the 9th over - 0 run(s), 0 hit(s), 0 error(s), 0 left on base; Louisiana 8 - Grim 1
BOTTOM OF THE 9TH
Grim Reapers batting - Pitching for Louisiana Dragoons : RHP Ángel Gómez
Now at 1B: Miklas Boerboom
Batting: RHB Tomás Costello 0-0: SINGLE (Groundball, 4MD)
Batting: SHB Marcos Roa 0-0: Ball
1-0: Ball
2-0: Ball
3-0: Called Strike
3-1: Base on Balls
Tomás Costello to second
Batting: SHB Anthony Hopkins 0-0: Ball
1-0: Foul Ball, location: 2F
1-1: Swinging Strike
1-2: Fly out, F8 (Line Drive, 8LM)
Batting: LHB Steve Costillo 0-0: Ball
1-0: Foul Ball, location: 2F
1-1: Called Strike
1-2: Strikes out swinging
Batting: RHB Guillermo Mata 0-0: Ball
1-0: Foul Ball, location: 2F
1-1: Ball
2-1: Foul Ball, location: 2F
2-2: Fielders Choice at 2nd, 5-4 (Groundball, 56)
Bottom of the 9th over - 0 run(s), 1 hit(s), 0 error(s), 1 left on base; Louisiana 8 - Grim 1
Monday, March 20th, 2017 - OOTP Baseball 17.12 Build 75